 Dungeon Crawl Stone Soup version 0.28-a0-1143-gcf6077d4cc (webtiles) character file.

Game seed: 3042747983908300065

442 siradein the Skirmisher (level 6, -12/52 HPs)
             Began as a Palentonga Fighter on Dec 13, 2021.
             Mangled by Duvessa (13 damage)
             ... on level 4 of the Dungeon.
             The game lasted 00:10:55 (4299 turns).

siradein the Skirmisher (Palentonga Fighter)        Turns: 4299, Time: 00:10:55

Health: -12/52     AC:  9    Str: 20    XL:     6   Next: 71%
Magic:  6/6        EV:  5    Int:  8    God:
Gold:   100        SH:  4    Dex: 11    Spells: 5/5 levels left

rFire   + . .      SeeInvis +   a - +0 flail
rCold   . . .      Faith    .   c - +0 buckler
rNeg    . . .      Spirit   .   e - +0 chain mail {rF+}
rPois   .          Reflect  .   (no helmet)
rElec   .          Harm     .   (no cloak)
rCorr   .          Rampage  .   t - +0 pair of gloves
Will    .....                   (no barding)
Stlth   ..........              (no amulet)
HPRegen 0.17/turn               k - +4 ring of slaying
MPRegen 0.10/turn               (no ring)

@: mighty
A: large, rugged brown scales 3, see invisible, deformed body, roll 1, armoured
tail
a: Rolling Charge


You were on level 4 of the Dungeon.
You visited 1 branch of the dungeon, and saw 4 of its levels.

You collected 100 gold pieces.

Inventory:

Hand Weapons
 a - a +0 flail (weapon)
Missiles
 g - a throwing net
 h - 11 poisoned darts (quivered)
Armour
 c - a +0 buckler (worn)
 e - a +0 chain mail of fire resistance (worn)
 t - a +0 pair of gloves (worn)
Jewellery
 k - a +4 ring of slaying (left hand)
Wands
 p - a wand of mindburst (8)
 q - a wand of polymorph (9)
Scrolls
 b - 2 scrolls of immolation {unknown}
 j - 2 scrolls of enchant weapon {unknown}
 l - 3 scrolls of identify {unknown}
 m - a scroll of blinking {unknown}
 o - a scroll of teleportation {unknown}
 s - a scroll of holy word {unknown}
 u - a scroll of torment {unknown}
Potions
 f - a potion of mutation {unknown}
 i - a potion of brilliance {unknown}
 n - a potion of heal wounds {unknown}
 r - a potion of invisibility {unknown}


   Skills:
 + Level 4.5 Fighting
 + Level 4.0 Maces & Flails
 + Level 3.7 Armour
 + Level 3.7 Shields


You had 5 spell levels left.
You didn't know any spells.
Your spell library contained the following spells:

 Spells                   Type           Power      Damage    Failure   Level
 Blink                    Tloc           0%         N/A       100%        2
 Corpse Rot               Necr/Air       0%         N/A       100%        2
 Poisonous Vapours        Pois/Air       0%         N/A       100%        2
 Frozen Ramparts          Ice            0%         1d2       100%        3
 Lesser Beckoning         Tloc           0%         N/A       100%        3
 Ice Form                 Ice/Tmut       0%         N/A       100%        4
 Summon Ice Beast         Ice/Summ       0%         N/A       100%        4
 Manifold Assault         Tloc           0%         N/A       100%        5
 Chain Lightning          Conj/Air       0%         N/A       100%        9
 Fire Storm               Conj/Fire      0%         5d1       100%        9
 Shatter                  Erth           0%         3d5*      100%        9


Dungeon Overview and Level Annotations

Branches:
Dungeon (4/15)             Temple (0/1) D:4

Altars:

Annotations:
D:3 Jessica
D:4 Duvessa


Innate Abilities, Weirdness & Mutations

You are completely covered in rugged brown scales. (AC +3, +7% HP)
You have supernaturally acute eyesight. (SInv)
Armour fits poorly on your strangely shaped body.
You can roll at nearby foes to attack.
You have a long armoured tail.


Message History

j - 2 scrolls labelled KOCWID ZODENUU (gained 1)
Found 21 arrows.
Found a staircase to the Ecumenical Temple.
Found a cloak.
Duvessa shouts!
Duvessa goes berserk!
Throw: 12 darts (poison)
Press: ? - help, Q - select action, (/) - cycle Shift-Dir - straight line, f - Duvessa
Aim: Duvessa, wielding a +0 short sword and wearing a +0 chain mail (berserk, 73% to hit)
You throw a poisoned dart.
The poisoned dart barely misses Duvessa.
Roll where?
Press: ? - help, Dir - move target, f/p - Duvessa
Aim: Duvessa, wielding a +0 short sword and wearing a +0 chain mail (berserk)
You roll forward with a clatter of scales!
You barely miss Duvessa. You block Duvessa's attack.
Duvessa hits you with a +0 short sword.
You feel very mighty all of a sudden.
Duvessa hits you with a +0 short sword! x2
You hit Duvessa.
Duvessa is lightly wounded.
You block Duvessa's attack.
You sock Duvessa!
Duvessa is moderately wounded.
Duvessa hits you with a +0 short sword. x2
You sock Duvessa!
Duvessa is heavily wounded.
Duvessa barely misses you. Duvessa hits you with a +0 short sword!
You are too injured to fight recklessly!
You thump Duvessa!
Duvessa is severely wounded.
Duvessa hits you but does no damage.
A phantom comes into view.
Duvessa hits you with a +0 short sword!!
* * * LOW HITPOINT WARNING * * *
The phantom moves out of view.
You hit Duvessa but do no damage.
Duvessa is severely wounded.
Duvessa barely misses you. Duvessa hits you with a +0 short sword!
You die...

...... ## ...... #.
#.###...#......
#..#......#...(....
#
......#...........
#
#..##!#W#.#.......
#
#..##.....e.......
#..#...#.8@#...
#....#.......#.
#..#...8.>.8...#
######
#....#.......#...#
#....>
#..#...#.8.#....##
#.####
#..#.#.......## #
#.#
##.....(.#.#....
#.#
##...####.....###
#.#
####.#.#......#..e.
#.#


You could see Duvessa (berserk) and a phantom.

Vanquished Creatures
  Sigmund (D:4)
  Dowan (D:4)
  2 iguanas (D:4)
  An orc wizard (D:3)
  3 gnolls (D:4)
  3 adders
  A worm (D:2)
  2 dart slugs (D:1)
  10 orcs
  5 ball pythons
  8 bats
  4 endoplasms
  2 giant cockroaches
  7 goblins
  8 hobgoblins
  4 jackals (D:2)
  6 kobolds
  A quokka (D:3)
  4 frilled lizards
  9 rats
82 creatures vanquished.

Notes
Turn   | Place    | Note
-------+----------+-------------------------------------------
     0 | D:1      | siradein the Palentonga Fighter began the quest for the
                  | Orb.
     0 | D:1      | Reached XP level 1. HP: 19/19 MP: 1/1
   472 | D:1      | Reached XP level 2. HP: 25/25 MP: 2/2
  1362 | D:1      | Reached XP level 3. HP: 25/31 MP: 3/3
  2634 | D:3      | Reached XP level 4. HP: 30/37 MP: 4/4
  2695 | D:3      | Found a faded altar of an unknown god.
  3416 | D:3      | Noticed Jessica
  3581 | D:4      | Reached XP level 5. HP: 34/44 MP: 5/5
  3710 | D:4      | Noticed Sigmund
  3724 | D:4      | Killed Sigmund
  3725 | D:4      | Reached XP level 6. HP: 46/52 MP: 6/6
  4068 | D:4      | Noticed Dowan
  4068 | D:4      | Noticed Duvessa
  4107 | D:4      | Killed Dowan
  4286 | D:4      | Found a staircase to the Ecumenical Temple.
  4298 | D:4      | HP: 1/52 [Duvessa (18)]
  4299 | D:4      | Mangled by Duvessa

Illustrated notes

Levels and vault maps discovered:
D:1:      dpeg_arrival_subterranean_lakeside_camping, layout_basic
D:2:      layout_basic
D:3:      layout_rooms, tgw_sif, shapermc_ecumenical_altar_mp_highgroup,
          minmay_close_crescents
D:4:      layout_loops_ring, minmay_temple_entry_sparse_star, uniq_duvessa,
          uniq_sigmund, uniq_grinder

Skill      XL: |  1  2  3  4  5  6 |
---------------+-------------------+-----
Armour         | 3 |  3.7
Shields        | 3 |  3.7
Maces & Flails | 3 4 |  4.0
Fighting       | 4 |  4.5

Action                   |  1- 3 |  4- 6 || total
-------------------------+-------+-------++-------
Melee: Flail             |   126 |    88 ||   214
       Tailslap          |    11 |    10 ||    21
Throw: Dart              |       |    11 ||    11
 Abil: Rolling Charge    |     1 |     4 ||     5
  Use: Potion            |       |     1 ||     1
Armor: Chain mail        |    86 |    34 ||   120
Dodge: Dodged            |    26 |    20 ||    46
Block: Buckler           |    31 |    16 ||    47

Table legend: (Time is in decaauts)
 A = Elapsed time spent in this place.
 B = Non-inter-level travel time spent in this place.
 C = Inter-level travel time spent in this place.
 D = Time resting spent in this place.
 E = Time spent auto-exploring this place.
 F = Levels seen in this place.
 G = Mean time per level.
                   A        B        C        D        E       F      G
               +--------+--------+--------+--------+--------+-----+--------+
         Total |   4354 |   4322 |     32 |    104 |   3529 |   4 | 1088.5 |
       Dungeon |   4354 |   4322 |     32 |    104 |   3529 |   4 | 1088.5 |
               +--------+--------+--------+--------+--------+-----+--------+

Top non-repeatable levels by time:
     D:1: 1603 daAuts
     D:2: 1056 daAuts
     D:3: 947 daAuts
     D:4: 747 daAuts
